 Dungeon Crawl Stone Soup version 0.24-a0-447-ge8da9206dc (webtiles) character file.

Game seed: 3749586905511383386

129076 drasked the Brawler (level 16, -26/165 HPs)
             Began as a Troll Monk on June 24, 2019.
             Was a High Priest of Okawaru.
             Killed from afar by Nikola (28 damage)
             ... with a chain lightning
             ... on level 2 of the Snake Pit on June 25, 2019.
             The game lasted 02:34:48 (30506 turns).

drasked the Brawler (Troll Monk)                   Turns: 30506, Time: 02:34:48

Health: -26/165    AC: 13    Str: 26    XL:     16   Next: 49%
Magic:  14/21      EV: 14    Int: 10    God:    Okawaru [*****.]
Gold:   1810       SH: 14    Dex: 14    Spells: 15/15 levels left

rFire    + + .     SeeInvis .     - Unarmed
rCold    + . .     Gourm    +   V - +1 shield {rN+} {rN+}
rNeg     + . .     Faith    .   J - +4 troll leather armour {regen}
rPois    +         Spirit   .   a - +1 hat of Okawaru's Hatred {Str+2 Dex+2}
rElec    .         Reflect  .   x - scarf {rC+ rF+}
rCorr    .         Harm     .   (gloves unavailable)
MR       +....                  (boots unavailable)
Stlth    +++.......             m - amulet of the acrobat
HPRegen  1.17/turn              F - ring of protection from fire
MPRegen  0.17/turn              P - ring of poison resistance

@: heroism, finesse
A: large, unfitting armour, claws 3, fast metabolism 3, gourmand, regeneration
1, shaggy fur 1, tough skin 3
a: Heroism, Finesse, Renounce Religion


You were on level 2 of the Snake Pit.
You worshipped Okawaru.
Okawaru was extremely pleased with you.
You were not hungry.

You visited 5 branches of the dungeon, and saw 26 of its levels.
You also visited: Bailey and Ice Cave.

You collected 2462 gold pieces.
You spent 652 gold pieces at shops.

Inventory:

Missiles
 q - 56 large rocks (quivered) {!d}
 r - 73 poisoned darts
 Q - 566 stones
Armour
 a - the +1 hat of Okawaru's Hatred (worn) {Str+2 Dex+2}
   (Okawaru gifted it to you on level 14 of the Dungeon)

   It affects your strength (+2).
   It affects your dexterity (+2).
 x - a scarf of resistance (worn)
 A - a scarf of resistance
 J - a +4 troll leather armour (worn) {regen}
 M - a scarf of cloud immunity
 R - a +0 robe of resistance {rC+, rF+}
 V - a +1 shield of positive energy (worn) {rN+}
Jewellery
 m - an amulet of the acrobat (around neck)
 F - a ring of protection from fire (left claw)
 I - an uncursed ring of protection from cold
 N - an uncursed ring of positive energy {rN+}
 P - a ring of poison resistance (right claw)
 S - an uncursed ring of see invisible
 W - a cursed amulet of inaccuracy {unknown}
Wands
 o - a wand of paralysis (13)
 D - a wand of digging (2)
 H - a wand of flame (5)
 K - a wand of acid (4)
 L - a wand of enslavement (23)
 O - a wand of clouds (5)
 T - a wand of polymorph (7)
Scrolls
 b - 2 scrolls of immolation {!r}
 f - a scroll of fog
 g - 6 scrolls of fear
 i - 3 scrolls of identify
 p - a scroll of magic mapping {!r}
 t - 7 scrolls of teleportation
 w - 7 scrolls of remove curse
 B - a scroll of blinking {!r}
 E - 5 scrolls of enchant weapon
 G - 6 scrolls of enchant armour
Potions
 c - 3 potions of berserk rage {!q}
 d - a potion of might
 h - 3 potions of haste
 j - 2 potions of cancellation
 k - 7 potions of flight
 l - a potion of heal wounds
 n - a potion of resistance
 s - a potion of agility
 u - 3 potions of lignification {!q}
 v - 4 potions of ambrosia
 y - 5 potions of curing
 z - 3 potions of brilliance
 C - 3 potions of magic
 U - 2 potions of invisibility
Comestibles
 e - 37 rations


   Skills:
 + Level 11.8(16.8) Fighting
 + Level 12.5(17.5) Throwing
 - Level 2.4(7.4) Dodging
 - Level 1.0(6.0) Stealth
 + Level 8.6(13.6) Shields
 * Level 18.4(23.4) Unarmed Combat
 - Level 8.0 Invocations


You had 15 spell levels left.
You didn't know any spells.
Your spell library contained the following spells:

 Spells                   Type           Power        Failure   Level  Hunger
 Animate Skeleton         Necr           N/A          38%         1    ##.....
 Beastly Appendage        Tmut           #.....       38%         1    ##.....
 Confusing Touch          Hex            #.....       38%         1    ##.....
 Flame Tongue             Conj/Fire      #....        38%         1    ##.....
 Freeze                   Ice            #...         38%         1    ##.....
 Infusion                 Chrm           #...         38%         1    ##.....
 Pain                     Necr           #...         38%         1    ##.....
 Sting                    Conj/Pois      #...         38%         1    ##.....
 Summon Small Mammal      Summ           #...         38%         1    ##.....
 Poisonous Vapours        Pois/Air       #.....       54%         2    ###....
 Shroud of Golubria       Chrm/Tloc      #.....       54%         2    ###....
 Song of Slaying          Chrm           #.......     54%         2    ###....
 Throw Flame              Conj/Fire      #.....       54%         2    ###....
 Conjure Flame            Conj/Fire      #.......     77%         3    ####...
 Inner Flame              Hex/Fire       #.......     77%         3    ####...
 Mephitic Cloud           Conj/Pois/Air  #.......     77%         3    ####...
 Regeneration             Chrm/Necr      #.........   77%         3    ####...
 Spectral Weapon          Hex/Chrm       #.......     77%         3    ####...
 Vampiric Draining        Necr           #.........   77%         3    ####...
 Animate Dead             Necr           N/A          99%         4    #####..
 Olgreb's Toxic Radiance  Pois           #.......     99%         4    #####..
 Sticky Flame             Conj/Fire      #.......     99%         4    #####..
 Summon Lightning Spire   Summ/Air       #.......     99%         4    #####..
 Fireball                 Conj/Fire      #.........   100%        5    ######.
 Silence                  Hex/Air        #.........   100%        5    ######.
 Venom Bolt               Conj/Pois      #.........   100%        5    ######.
 Conjure Ball Lightning   Conj/Air       #.........   100%        6    #######
 Deflect Missiles         Chrm/Air       #.........   100%        6    #######
 Tornado                  Air            #.........   100%        9    #######


Dungeon Overview and Level Annotations

Branches:
Dungeon (15/15)            Temple (1/1) D:7            Lair (6/6) D:11
  Swamp (0/4) Lair:4        Snake (2/4) Lair:2        Slime (0/5) Lair:6
    Orc (2/2) D:12            Elf (0/3) Orc:2        Vaults (0/5) D:13
 Depths (0/5) D:15

Altars:
Ashenzari
Cheibriados
Dithmenos
Elyvilon
Gozag
Hepliaklqana
Kikubaaqudgha
Makhleb
Nemelex Xobeh
Okawaru
Qazlal
Ru
Sif Muna
Trog
Uskayaw
Vehumet
Wu Jian
Xom
Yredelemnul
Zin
The Shining One
Beogh

Shops:
D:3 *   D:12 %   Orc:1 }   Orc:2 *([(=   Snake:2 !

Portals:
Trove: D:15 (give leather armour of Agysoh)

Annotations:
D:9 1 runed translucent door, mortelune's ghost, journeyman DEFE
Lair:5 2 transporters, zkyp's ghost, journeyman GrAr
Snake:2 Nikola


Innate Abilities, Weirdness & Mutations

You are too large for most types of armour.
You have claws for hands.
Your metabolism is lightning-fast.
You like to eat raw meat.
Your natural rate of healing is unusually fast.
You are covered in fur. (AC +1)
You have extremely tough skin. (AC +3)


Message History

As you read the scroll of fog, it crumbles to dust.
The scroll dissolves into smoke.
You block Nikola's attack.
Nikola hits you with a +4 rapier of electrocution!
* * * LOW HITPOINT WARNING * * *
You barely miss Nikola.
You can now deal lightning-fast blows.
Nikola points at you and mumbles some strange words.
The bolt of lightning misses you.
Nikola points at you and mumbles some strange words.
The zap misses you.
You gain the combat prowess of a mighty hero.
Nikola gestures wildly while chanting.
You hear a mighty clap of thunder!
The lightning arc hits you!!!
* * * LOW HITPOINT WARNING * * *
The lightning arc hits Nikola.
The lightning arc hits you!!
* * * LOW HITPOINT WARNING * * *
The lightning arc hits Nikola!
The lightning arc hits you!!
You die...

#........)..##
##....# ##
#.....#.#...#
#....##
#...#####...#
###...## #...#
#...# #.#..##
#...# #...#
##..## ####
#...# #...#
#...# ####...
##..# #^§§#
#...# #<(##..
#...#
#.§§#####...#
#.((#.. #...#
#.§§@@§§....#
###)(#.. #...#
#.>§#§§#....#
#.###)). #...#
#.§.#####...#
#.....). #...#
#..@# #...#
#......♣
#...#####...#
#...# #.......
#...........#
#...#######...
#..........(#
#....####.'#..
#...#####...#
##.#..##...#..
#...# #..(#
##....#<.##..


You could see Nikola.

Levels and vault maps discovered:
D:1:      mushboom_english_gardens, layout_loops_ring, minmay_small_reverse_x
D:2:      layout_basic
D:3:      layout_loops_ring, nicolae_gozag_zags_fifth_avenue
D:4:      layout_cave_pools, first_ration, minmay_unequal
D:5:      layout_loops_ring, serial_undead, serial_undead_a, serial_undead_e,
          serial_undead_b, serial_undead_f
D:6:      layout_rooms, grunt_temple_overflow_open, uniq_crazy_yiuf_cottage,
          uniq_menkaure, uniq_prince_ribbit1
D:7:      layout_basic, lemuel_crystal_altar, minmay_temple_entry_offerings,
          minmay_misc_feat_room
D:8:      layout_layer_cave, tgw_xom, st_stairs_5, uniq_maurice
D:9:      layout_roguey, ebering_ghost_funeral_grove
D:10:     layout_long_grid
D:11:     layout_gridville, dpeg_lair_monsters, chequers_serial_rivers_micro_c
D:12:     layout_cave_pods, erik_orc_4, serial_shops, shop_statue, uniq_fannar
D:13:     layout_loops_corners, david_vaults_3
D:14:     layout_roguey, hangedman_decor_peaks_small, enter_bailey_3,
          grunt_pizzeria
D:15:     gammafunk_depths_entry_grave, layout_loops_cross, elyvilon_altar_3,
          enter_trove_2, kennysheep_inner_square
Temple:   regret_index_temple_generic_petals
Lair:1:   cheibrodos_lair_river_kwai, layout_cave_shapes, st_stairs_10
Lair:2:   layout_big_grid, minmay_snake_entry_spellcaster, serial_bayou_shore_a
Lair:3:   layout_loops_ring, serial_forest, infiniplex_forest_straight_2,
          infiniplex_forest_pool, infiniplex_forest_clump_large,
          infiniplex_forest_lined_3, infiniplex_forest_lined_3,
          infiniplex_forest_clump_double, infiniplex_forest_clump_double,
          portal_ice_cave_demonic_guard, infiniplex_staircase_pool
Lair:4:   layout_hall_layers, minmay_swamp_entry_worms, bh_autumn_forest_stairs,
          fungi_pond_lemuel
Lair:5:   layout_roguey, gammafunk_ghost_hive
Lair:6:   gammafunk_lair_ancient_temple, layout_gridlike,
          minmay_slime_entry_jelly_boxes, uniq_josephine
Snake:1:  layout_layer_cave, lemuel_fruit_tree, uniq_aizul
Snake:2:  layout_concentric_octagons, serial_shops, shop, grunt_ministairs_6,
          uniq_vashnia, uniq_roxanne, uniq_nikola
Orc:1:    layout_caves, serial_shops, nicolae_shop_trees, uniq_gastronok
Orc:2:    grunt_orc_gardens, layout_diamond_mine, grunt_orc_garden,
          grunt_orc_garden, grunt_orc_garden, grunt_orc_garden,
          gammafunk_ghost_necromancy, basic_altar, guppyfry_orc_lava_fort

Notes
Turn   | Place    | Note
-------+----------+-------------------------------------------
     0 | D:1      | drasked the Troll Monk began the quest for the Orb.
     0 | D:1      | Reached XP level 1. HP: 22/22 MP: 0/0
    40 | D:1      | Identified a +0 club
    59 | D:1      | Identified a +0 whip
    64 | D:1      | Identified a +0 club
    86 | D:1      | Reached XP level 2. HP: 24/29 MP: 1/1
   170 | D:1      | Identified a +2 dagger of draining
   246 | D:1      | Identified a +0 club
   247 | D:1      | Identified a +0 club
   247 | D:1      | Identified a +0 whip
   385 | D:1      | Identified a +0 club
   443 | D:1      | Identified a +0 short sword
   572 | D:1      | Reached skill level 1 in Throwing
   592 | D:1      | Identified a +0 club
   799 | D:1      | Identified an amulet of the acrobat (You found it on level
                  | 1 of the Dungeon)
   836 | D:2      | Reached XP level 3. HP: 36/36 MP: 2/2
   847 | D:2      | Identified a +0 club
  1059 | D:2      | Reached skill level 4 in Unarmed Combat
  1079 | D:2      | Identified a cursed -2 dagger
  1096 | D:2      | Identified a +0 club
  1097 | D:2      | Identified a +0 club
  1259 | D:2      | Reached XP level 4. HP: 44/44 MP: 3/3
  1424 | D:2      | Identified a +0 dagger
  1466 | D:2      | Identified a +0 hunting sling
  1803 | D:3      | Identified a +0 hand axe
  1803 | D:3      | Identified a +0 leather armour
  1846 | D:3      | Found an opulent altar of Gozag.
  1851 | D:3      | Found Gozag's Platinum Reserve.
  1957 | D:3      | Reached skill level 3 in Fighting
  2100 | D:3      | Identified a +0 dagger
  2101 | D:3      | Identified a +2 morningstar of crushing
  2290 | D:3      | Identified a +0 club
  2729 | D:4      | Reached XP level 5. HP: 51/53 MP: 4/4
  2768 | D:4      | Reached skill level 2 in Throwing
  2825 | D:4      | Identified a +0 scale mail
  2825 | D:4      | Identified a +0 flail
  2829 | D:4      | Identified a +0 flail
  2829 | D:4      | Identified a +0 scale mail
  2861 | D:4      | Noticed a phantom
  2885 | D:4      | Reached skill level 5 in Unarmed Combat
  2909 | D:4      | Reached XP level 6. HP: 61/61 MP: 5/5
  3138 | D:4      | Reached skill level 3 in Throwing
  3138 | D:4      | Reached skill level 6 in Unarmed Combat
  3138 | D:4      | Reached XP level 7. HP: 68/68 MP: 6/6
  3231 | D:4      | Identified a +0 dagger
  3231 | D:4      | Identified a +0 robe
  3237 | D:4      | Identified a +0 dagger
  3237 | D:4      | Identified a +0 robe
  3237 | D:4      | Identified a +0 giant club
  3237 | D:4      | Identified a +0 trident
  3237 | D:4      | Identified a +0 ring mail
  3242 | D:4      | Reached skill level 4 in Fighting
  3495 | D:4      | Identified 3 scrolls of identify
  3495 | D:4      | Identified 2 potions of flight
  3496 | D:4      | Identified 2 potions of cancellation
  3498 | D:5      | Entered Level 5 of the Dungeon
  3733 | D:5      | Identified a +0 club
  3757 | D:5      | Identified a +0 club
  3757 | D:5      | Identified a +0 ring mail
  3779 | D:5      | Identified a cursed +0 short sword
  3791 | D:5      | Identified a +0 short sword
  3791 | D:5      | Identified a +0 leather armour
  3865 | D:5      | Reached skill level 7 in Unarmed Combat
  4059 | D:5      | Reached skill level 4 in Throwing
  4059 | D:5      | Reached XP level 8. HP: 67/79 MP: 7/7
  4277 | D:5      | Identified a potion of haste
  4701 | D:6      | Reached skill level 5 in Fighting
  4701 | D:6      | Reached skill level 8 in Unarmed Combat
  4788 | D:6      | Identified a +0 scale mail
  4789 | D:6      | Identified a +0 flail
  4789 | D:6      | Identified a +0 halberd
  4789 | D:6      | Identified a cursed +0 plate armour
  5086 | D:6      | Found an opulent altar of Gozag.
  5088 | D:6      | Found a shadowy altar of Dithmenos.
  5090 | D:6      | Found a shattered altar of Ashenzari.
  5091 | D:6      | Found an iron altar of Okawaru.
  5092 | D:6      | Found an ornate altar of the Wu Jian Council.
  5142 | D:6      | Noticed Menkaure
  5152 | D:6      | Killed Menkaure
  5152 | D:6      | Reached skill level 5 in Throwing
  5197 | D:6      | Identified a +0 giant club
  5281 | D:6      | Found a runed translucent door.
  5281 | D:6      | Noticed Prince Ribbit
  5283 | D:6      | Identified a +4 quarterstaff of chaos
  5283 | D:6      | Identified a +0 cloak
  5283 | D:6      | Noticed Crazy Yiuf
  5497 | D:7      | Found a staircase to the Ecumenical Temple.
  5528 | Temple   | Entered the Ecumenical Temple
  5856 | D:6      | Became a worshipper of Warmaster Okawaru
  5856 | D:6      | Reached * piety under Okawaru
  5856 | D:6      | Reached ** piety under Okawaru
  5915 | D:7      | Reached XP level 9. HP: 87/87 MP: 8/8
  5920 | D:7      | Identified a +0 dagger
  5922 | D:7      | Identified a +0 leather armour
  5922 | D:7      | Identified a +0 dagger
  5922 | D:7      | Identified a +0 scale mail
  5968 | D:7      | Identified a +0 halberd
  5969 | D:7      | Identified a +2 flail of holy wrath
  6014 | D:7      | Identified a +0 club
  6076 | D:7      | Identified a +0 giant club
  6079 | D:7      | Reached skill level 9 in Unarmed Combat
  6240 | D:8      | Identified a +0 giant club
  6241 | D:8      | Identified a +0 dagger
  6241 | D:8      | Identified a cursed -2 hand axe
  6245 | D:8      | Identified a +0 flail
  6246 | D:8      | Identified a +0 ring mail
  6246 | D:8      | Identified a +1 short sword of venom
  6246 | D:8      | Identified a +0 ring mail
  6431 | D:8      | Identified a cursed -2 giant club
  6431 | D:8      | Identified a +0 giant club
  6431 | D:8      | Noticed a two-headed ogre
  6542 | D:8      | Killed a two-headed ogre
  6542 | D:8      | Reached *** piety under Okawaru
  6542 | D:8      | Reached skill level 6 in Fighting
  6542 | D:8      | Reached skill level 6 in Throwing
  6542 | D:8      | Reached skill level 10 in Unarmed Combat
  6715 | D:8      | Identified a +0 trident
  6715 | D:8      | Identified a +0 leather armour
  6950 | D:8      | Identified a +0 short sword
  6950 | D:8      | Identified a +0 cloak
  6950 | D:8      | Noticed Maurice
  6999 | D:8      | Identified a scarf of resistance (You found it on level 8
                  | of the Dungeon)
  7217 | D:8      | Identified a +0 whip
  7223 | D:8      | Identified a +0 whip
  7224 | D:8      | Identified a +0 halberd
  7227 | D:8      | Identified a cursed -2 spear
  7227 | D:8      | Identified a +0 scale mail
  7235 | D:8      | Identified a +2 whip of venom
  7379 | D:8      | Reached XP level 10. HP: 84/99 MP: 9/9
  7455 | D:8      | HP: 24/99 [poisoned by a killer bee]
  7460 | D:8      | HP: 20/99 [poisoned by a killer bee]
  7465 | D:8      | HP: 19/99 [poisoned by a killer bee]
  7470 | D:8      | HP: 19/99 [poisoned by a killer bee]
  7475 | D:8      | HP: 19/99 [poisoned by a killer bee]
  7481 | D:8      | HP: 21/99 [poisoned by a killer bee]
  7604 | D:8      | Identified 2 potions of ambrosia
  7605 | D:8      | Identified a potion of lignification
  7606 | D:8      | Identified a potion of might
  7607 | D:8      | Identified a potion of resistance
  7608 | D:8      | Identified a potion of brilliance
  7609 | D:8      | Identified a potion of mutation
  7610 | D:8      | Identified a potion of magic
  7742 | D:8      | Identified a +0 club
  7786 | D:8      | Identified a +0 dagger
  7786 | D:8      | Identified a +0 robe
  7805 | D:8      | Found a shimmering altar of Xom.
  7954 | D:6      | Killed Crazy Yiuf
  7962 | D:6      | Killed Prince Ribbit
  8042 | D:8      | Identified 3 scrolls of enchant armour
  8043 | D:8      | Identified 2 scrolls of immolation
  8044 | D:8      | Identified a scroll of magic mapping
  8045 | D:8      | Identified a scroll of random uselessness
  8046 | D:8      | Identified 2 scrolls of blinking
  8047 | D:8      | Identified 2 scrolls of remove curse
  8048 | D:8      | Identified 3 scrolls of fear
  8049 | D:8      | Identified 3 scrolls of amnesia
  8050 | D:8      | Identified 4 scrolls of enchant weapon
  8051 | D:8      | Identified a scroll of vulnerability
  8052 | D:8      | Identified 2 scrolls of teleportation
  8053 | D:8      | Identified 2 scrolls of fog
  8114 | D:8      | Killed Maurice
  8114 | D:8      | Reached skill level 11 in Unarmed Combat
  8311 | D:9      | Identified a cursed -2 morningstar
  8311 | D:9      | Identified a +0 leather armour
  8321 | D:9      | Identified a cursed -1 club
  8363 | D:9      | Reached **** piety under Okawaru
  8442 | D:9      | Identified a +0 leather armour
  8454 | D:9      | Reached skill level 7 in Fighting
  8454 | D:9      | Reached skill level 7 in Throwing
  8616 | D:9      | Identified a +0 mace
  8616 | D:9      | Identified a +0 plate armour
  8616 | D:9      | Identified a +0 mace
  8617 | D:9      | Identified a +0 dagger
  8617 | D:9      | Identified a +0 robe
  8621 | D:9      | Identified a +0 dagger
  8621 | D:9      | Identified a +0 robe
  8943 | D:9      | Identified a +0 dagger
  8943 | D:9      | Identified a +0 robe
  8943 | D:9      | Identified a +0 falchion
  8943 | D:9      | Identified a +0 leather armour
  8949 | D:9      | Identified a +0 hand axe
  9217 | D:9      | Found a runed translucent door.
  9220 | D:9      | Identified the +6 spear of Gehenna {drain, rPois}
  9222 | D:9      | Noticed mortelune's ghost (journeyman DEFE)
  9222 | D:9      | Identified a +0 spear
  9323 | D:10     | Entered Level 10 of the Dungeon
  9414 | D:10     | Identified a +0 flail
  9414 | D:10     | Noticed a gargoyle
  9423 | D:10     | Killed a gargoyle
  9501 | D:10     | Identified a +0 flail
  9508 | D:10     | Identified a +0 dagger
  9508 | D:10     | Identified a +0 robe
  9508 | D:10     | Identified a +0 flail
  9511 | D:10     | Identified a +0 short sword
  9511 | D:10     | Identified a +0 leather armour
  9685 | D:10     | Identified a +0 whip
  9690 | D:10     | Identified a +2 spear of venom
  9690 | D:10     | Identified a +0 ring mail
  9713 | D:10     | Reached skill level 12 in Unarmed Combat
  9880 | D:10     | Identified a +0 shortbow
  9966 | D:10     | Identified a +0 flail
  9966 | D:10     | Identified a +0 short sword
  9966 | D:10     | Identified a +0 scale mail
  9968 | D:10     | Identified a +0 war axe
  9968 | D:10     | Identified a +0 chain mail
  9970 | D:10     | Identified a +1 dagger of draining
  9970 | D:10     | Identified a cursed +0 robe
 10087 | D:10     | Identified a +0 short sword
 10126 | D:10     | Identified a ring of intelligence (You found it on level 10
                  | of the Dungeon)
 10142 | D:10     | Identified a potion of curing
 10143 | D:10     | Identified a potion of degeneration
 10219 | D:11     | Noticed a death yak
 10219 | D:11     | Noticed a death yak
 10262 | D:11     | Identified a +0 glaive
 10262 | D:11     | Identified a +0 plate armour
 10272 | D:11     | Reached skill level 1 in Invocations
 10384 | D:11     | Reached XP level 11. HP: 108/108 MP: 10/10
 10466 | D:11     | HP: 27/108 [killer bee (3)]
 10471 | D:11     | HP: 13/108 [poisoned by a killer bee]
 10476 | D:11     | HP: 9/108 [poisoned by a killer bee]
 10482 | D:11     | HP: 8/108 [poisoned by a killer bee]
 10487 | D:11     | HP: 7/108 [poisoned by a killer bee]
 10492 | D:11     | HP: 9/108 [poisoned by a killer bee]
 10497 | D:11     | HP: 10/108 [poisoned by a killer bee]
 10505 | D:11     | HP: 14/108 [poisoned by a killer bee]
 10742 | D:12     | Reached ***** piety under Okawaru
 10958 | D:12     | Received a gift from Okawaru
 11053 | D:12     | Found Gioloyqa's Food Boutique.
 11058 | D:12     | Identified a cursed +0 shortbow
 11147 | D:12     | Identified a +0 hand axe
 11147 | D:12     | Identified a +0 leather armour
 11164 | D:12     | Reached skill level 2 in Invocations
 11207 | D:12     | Identified a +0 quarterstaff of freezing
 11207 | D:12     | Identified a +2 robe of cold resistance
 11207 | D:12     | Identified an uncursed ring of ice
 11207 | D:12     | Noticed Fannar
 11290 | D:11     | Noticed a death yak
 11305 | D:12     | Identified a +0 dagger
 11305 | D:12     | Identified a +0 robe
 11322 | D:12     | Killed Fannar
 11322 | D:12     | Reached skill level 8 in Throwing
 11346 | D:12     | Identified a +0 flail
 11365 | D:12     | Identified a cursed -1 dagger
 11369 | D:12     | Identified a +0 quarterstaff
 11372 | D:12     | Identified a +0 club
 11382 | D:12     | Identified a +0 flail
 11402 | D:12     | Found a staircase to the Orcish Mines.
 11402 | D:12     | You fall into a shaft and drop 1 floor!
 11406 | D:13     | Received a gift from Okawaru
 11451 | D:13     | Identified a +2 great mace of holy wrath
 11451 | D:13     | Identified a +0 scale mail
 11451 | D:13     | Noticed Rupert
 11511 | D:13     | Killed Rupert
 11511 | D:13     | Reached skill level 8 in Fighting
 11511 | D:13     | Reached skill level 13 in Unarmed Combat
 11511 | D:13     | Reached skill level 3 in Invocations
 11704 | D:13     | Identified a +0 shortbow
 11704 | D:13     | Noticed a centaur warrior
 11724 | D:13     | Killed a centaur warrior
 11795 | D:13     | Reached skill level 4 in Invocations
 11798 | D:13     | Identified a +0 plate armour
 11802 | D:13     | Identified a +2 double sword of slicing
 11802 | D:13     | Identified a +0 chain mail
 11802 | D:13     | Noticed Urug
 11872 | D:12     | Reached XP level 12. HP: 105/121 MP: 14/14
 12105 | D:12     | Received a gift from Okawaru
 12143 | D:12     | Identified a +0 dagger
 12160 | D:12     | Identified a +0 dagger
 12160 | D:12     | Identified a +0 dagger
 12160 | D:12     | Identified an uncursed ring of wizardry
 12166 | D:12     | Identified a +0 dagger
 12166 | D:12     | Identified a +0 robe
 12168 | D:12     | Identified a +0 morningstar
 12168 | D:12     | Identified a +0 ring mail
 12181 | D:12     | Identified a +0 shield (You found it on level 12 of the
                  | Dungeon)
 12246 | D:12     | Identified a +0 troll leather armour
 12254 | D:12     | Identified a +0 whip
 12254 | D:12     | Identified a +0 leather armour
 12298 | D:12     | Identified a +0 hand axe
 12572 | D:13     | Found a gate to the Vaults.
 12625 | D:13     | Noticed a five-headed hydra
 12629 | D:13     | HP: 20/121 [five-headed hydra (14)]
 12629 | D:13     | HP: 4/121 [five-headed hydra (6)]
 13002 | D:13     | Killed a five-headed hydra
 13133 | D:13     | Identified a +0 troll leather armour
 13133 | D:13     | Reached skill level 1 in Shields
 13231 | D:13     | Identified a +0 war axe of venom
 13231 | D:13     | Identified a +0 leather armour
 13231 | D:13     | Identified a +0 war axe
 13231 | D:13     | Identified a +0 robe
 13232 | D:13     | Identified a +0 broad axe
 13232 | D:13     | Identified a +0 robe
 13240 | D:13     | Reached skill level 9 in Throwing
 13450 | D:13     | Identified a +5 war axe
 13450 | D:13     | Identified a +0 robe
 13452 | D:13     | Identified a cursed +0 scimitar
 13452 | D:13     | Identified a +0 robe
 13474 | D:13     | Identified a +0 flail
 13474 | D:13     | Identified a +0 robe
 13474 | D:13     | Identified a +0 long sword
 13474 | D:13     | Identified a +0 robe
 13537 | D:13     | Killed Urug
 13893 | D:13     | Received a gift from Okawaru
 14050 | D:13     | meem: I am meem, an upgrade of beem built by MalcolmRose
                  | (check out Malcolm's DCSS vids and other projects at
                  | http://youtube.com/malcolmrosegaming). To have me follow
                  | you in your games, type !subscribemeem - to make me go away
                  | forever, type !quitmeem - For help, type: !meem
 14109 | D:13     | Identified a scarf of cloud immunity (You found it on level
                  | 13 of the Dungeon)
 14145 | D:14     | Identified a +0 shortbow
 14155 | D:14     | Identified a scroll of torment
 14422 | D:14     | Reached skill level 2 in Shields
 14436 | D:14     | Identified a +0 hand axe
 14436 | D:14     | Identified a +0 hand axe
 14437 | D:14     | Found a flagged portal.
 14437 | D:14     | Identified a +0 hand axe
 14437 | D:14     | Identified a +0 hand axe
 14463 | Bailey   | Entered a bailey
 14493 | Bailey   | Identified a +0 hand axe
 14493 | Bailey   | Identified a +0 leather armour
 14493 | Bailey   | Identified a +0 hand axe
 14493 | Bailey   | Identified a +0 leather armour
 14493 | Bailey   | Identified a +0 hand axe
 14493 | Bailey   | Identified a +0 leather armour
 14493 | Bailey   | Identified a +0 hand axe
 14493 | Bailey   | Identified a +0 ring mail
 14493 | Bailey   | Identified a +0 war axe
 14493 | Bailey   | Identified a +0 scale mail
 14512 | Bailey   | Reached skill level 14 in Unarmed Combat
 14512 | Bailey   | Reached skill level 5 in Invocations
 14543 | Bailey   | Identified a +0 broad axe
 14543 | Bailey   | Identified a +0 ring mail
 14546 | Bailey   | Identified a cursed -2 war axe
 14546 | Bailey   | Identified a +0 scale mail
 14546 | Bailey   | Noticed an orc high priest
 14549 | Bailey   | Found an iron altar of Okawaru.
 14549 | Bailey   | Identified a +0 hand axe
 14549 | Bailey   | Identified a +0 leather armour
 14549 | Bailey   | Identified a +0 war axe
 14549 | Bailey   | Identified a +0 scale mail
 14549 | Bailey   | Identified a +0 hand axe
 14549 | Bailey   | Identified a +0 leather armour
 14549 | Bailey   | Identified a +0 hand axe
 14549 | Bailey   | Identified a +0 leather armour
 14550 | Bailey   | Identified a +0 trident
 14553 | Bailey   | Killed an orc high priest
 14561 | Bailey   | Reached skill level 9 in Fighting
 14625 | Bailey   | Identified a +0 hand axe
 14625 | Bailey   | Identified a +0 leather armour
 14625 | Bailey   | Identified a +0 hand axe
 14625 | Bailey   | Identified a +0 leather armour
 14625 | Bailey   | Identified a +0 war axe
 14625 | Bailey   | Identified a +0 leather armour
 14625 | Bailey   | Identified a +0 hand axe
 14625 | Bailey   | Identified a +0 leather armour
 14625 | Bailey   | Identified a +0 hand axe
 14625 | Bailey   | Identified a +0 leather armour
 14625 | Bailey   | Identified a +0 hand axe
 14625 | Bailey   | Identified a +0 leather armour
 14625 | Bailey   | Identified a +0 hand axe
 14625 | Bailey   | Identified a +0 leather armour
 14625 | Bailey   | Identified a +0 hand axe
 14625 | Bailey   | Identified a +0 leather armour
 14625 | Bailey   | Identified a +0 hand axe
 14625 | Bailey   | Identified a +0 leather armour
 14625 | Bailey   | Identified a +0 war axe
 14625 | Bailey   | Identified a +0 leather armour
 14762 | Bailey   | Identified a +0 war axe
 14762 | Bailey   | Identified a cursed +0 leather armour
 14762 | Bailey   | Identified a +0 war axe
 14762 | Bailey   | Identified a +0 leather armour
 14762 | Bailey   | Identified a +0 hand axe
 14762 | Bailey   | Identified a +0 leather armour
 14762 | Bailey   | Identified a +0 hand axe
 14762 | Bailey   | Identified a +0 leather armour
 14762 | Bailey   | Identified a +0 war axe
 14762 | Bailey   | Identified a +0 ring mail
 14762 | Bailey   | Identified a +0 war axe
 14762 | Bailey   | Identified a +0 ring mail
 14763 | Bailey   | Identified a +0 hand axe
 14763 | Bailey   | Identified a +0 leather armour
 14764 | Bailey   | Identified a +0 hand axe
 14764 | Bailey   | Identified a +0 leather armour
 14767 | Bailey   | Identified a +0 hand axe
 14767 | Bailey   | Identified a +0 leather armour
 14768 | Bailey   | Identified a +0 broad axe
 14768 | Bailey   | Identified a +0 chain mail
 14795 | Bailey   | Identified a +0 war axe
 14795 | Bailey   | Identified a +0 scale mail
 14795 | Bailey   | Identified a +0 hand axe
 14795 | Bailey   | Identified a +0 leather armour
 14829 | Bailey   | Identified a +0 hand axe
 14829 | Bailey   | Identified a +0 leather armour
 14829 | Bailey   | Identified a +0 war axe
 14829 | Bailey   | Identified a cursed +0 ring mail
 14918 | Bailey   | Identified a +0 hand axe
 14918 | Bailey   | Identified a +0 ring mail
 14918 | Bailey   | Identified a +0 war axe
 14918 | Bailey   | Identified a +0 plate armour
 14958 | Bailey   | Identified a +0 war axe
 14958 | Bailey   | Identified a +0 scale mail
 14958 | Bailey   | Identified a +0 hand axe
 14958 | Bailey   | Identified a +0 leather armour
 15123 | Bailey   | Identified a +2 cloak of invisibility (You found it in a
                  | bailey)
 15167 | D:14     | Identified a +0 dagger
 15440 | D:14     | Received a gift from Okawaru
 15440 | D:14     | Reached skill level 3 in Shields
 15457 | D:14     | Got an encrusted hat {god gift}
 15463 | D:14     | Identified the +1 hat of Okawaru's Hatred {Str+2 Dex+2}
                  | (Okawaru gifted it to you on level 14 of the Dungeon)
 15512 | D:14     | Identified a +0 club
 15522 | D:14     | Identified a +0 whip
 15528 | D:14     | Identified a cursed -3 whip
 15738 | D:14     | Identified an amulet of harm (You acquired it on level 14
                  | of the Dungeon)
 15749 | D:15     | Entered Level 15 of the Dungeon
 15799 | D:15     | Reached ****** piety under Okawaru
 15816 | D:15     | Found a staircase to the Depths.
 15847 | D:15     | Identified a +0 longbow
 15847 | D:15     | Noticed a centaur warrior
 15858 | D:15     | Identified a +0 shortbow of flaming
 15858 | D:15     | Noticed a centaur warrior
 15861 | D:15     | HP: 26/122 [centaur warrior/arrow (18)]
 15865 | D:15     | Killed a centaur warrior
 15866 | D:15     | HP: 18/123 [centaur warrior (2)]
 15869 | D:15     | Killed a centaur warrior
 15869 | D:15     | Reached XP level 13. HP: 11/131 MP: 16/16
 16272 | D:11     | Identified a +0 giant spiked club
 16272 | D:11     | Identified a +0 giant spiked club
 16292 | D:11     | Found a staircase to the Lair.
 16299 | D:11     | Identified a cursed +0 flail
 16301 | D:11     | Reached skill level 6 in Invocations
 16302 | D:11     | Identified a +1 mace of draining
 16302 | D:11     | Identified a +0 leather armour
 16302 | D:11     | Identified an uncursed ring of protection from cold
 16587 | D:11     | Identified a +0 mace
 16973 | Lair:1   | Entered Level 1 of the Lair of Beasts
 17090 | Lair:1   | Reached skill level 4 in Shields
 17286 | Lair:1   | Received a gift from Okawaru
 17286 | Lair:1   | Reached skill level 15 in Unarmed Combat
 17329 | Lair:1   | Reached skill level 10 in Throwing
 18469 | Lair:2   | Found a staircase to the Snake Pit.
 18613 | Lair:2   | Identified a ring of dexterity (You found it on level 1 of
                  | the Lair of Beasts)
 18614 | Lair:2   | Identified a ring of fire (You found it on level 2 of the
                  | Lair of Beasts)
 18615 | Lair:2   | Identified a scroll of noise
 18616 | Lair:2   | Identified 2 potions of berserk rage
 19301 | Lair:3   | Received a gift from Okawaru
 19515 | Lair:3   | Found a frozen archway.
 19535 | IceCv    | Entered an ice cave
 19536 | IceCv    | Identified an amulet of magic regeneration (You found it on
                  | level 3 of the Lair of Beasts)
 19589 | IceCv    | Reached skill level 7 in Invocations
 19748 | IceCv    | Received a gift from Okawaru
 19827 | IceCv    | Reached skill level 5 in Shields
 19877 | IceCv    | Identified a +0 scythe of freezing
 19877 | IceCv    | Noticed a reaper
 19888 | IceCv    | Killed a reaper
 19888 | IceCv    | Reached skill level 10 in Fighting
 19888 | IceCv    | Reached XP level 14. HP: 50/143 MP: 10/18
 20312 | Lair:3   | Identified Zohobur's Beginning Course on Casting
 20964 | Lair:4   | Received a gift from Okawaru
 21341 | Lair:4   | Found a staircase to the Swamp.
 21896 | Lair:5   | Identified a +0 hand axe
 21896 | Lair:5   | Identified a +0 leather armour
 21919 | Lair:5   | Found a transporter.
 21921 | Lair:5   | Found a transporter.
 22439 | Lair:5   | Noticed zkyp's ghost (journeyman GrAr)
 22629 | Lair:5   | Identified a potion of agility
 22641 | Lair:6   | Entered Level 6 of the Lair of Beasts
 22654 | Lair:5   | Received a gift from Okawaru
 22710 | Lair:5   | Reached skill level 16 in Unarmed Combat
 22728 | Lair:6   | HP: 29/143 [eight-headed hydra (10)]
 22738 | Lair:6   | HP: 30/143 [eight-headed hydra (10)]
 22936 | Lair:6   | Found a staircase to the Slime Pits.
 23090 | Lair:6   | Received a gift from Okawaru
 23285 | Lair:6   | Received a gift from Okawaru
 23520 | Lair:6   | HP: 31/144 [elephant (13)]
 23526 | Lair:6   | HP: 20/144 [anaconda (14)]
 23527 | Lair:6   | Received a gift from Okawaru
 23527 | Lair:6   | Reached skill level 6 in Shields
 23617 | Lair:6   | Reached skill level 8 in Invocations
 23635 | Lair:6   | Reached skill level 11 in Throwing
 23738 | Lair:6   | HP: 36/144 [elephant (5)]
 23744 | Lair:6   | HP: 36/144 [poisoned by a spiny frog]
 24178 | Lair:6   | Received a gift from Okawaru
 24178 | Lair:6   | Reached XP level 15. HP: 144/152 MP: 13/20
 24751 | Lair:6   | Found the +8 demon blade "Leech" {vamp, rN+ AC-3 EV-3}
 24781 | Lair:6   | Identified a +0 dagger
 24781 | Lair:6   | Identified a +0 robe
 24781 | Lair:6   | Noticed Josephine
 24791 | Lair:6   | Killed Josephine
 25143 | Lair:6   | Identified a ring of protection from fire (You found it on
                  | level 6 of the Lair of Beasts)
 25144 | Lair:6   | Identified a potion of heal wounds
 25348 | Orc:1    | Entered Level 1 of the Orcish Mines
 25394 | Orc:1    | Identified a +0 leather armour
 25394 | Orc:1    | Identified a cursed -3 flail
 25394 | Orc:1    | Identified a +0 plate armour
 25397 | Orc:1    | Identified a +0 great sword
 25397 | Orc:1    | Identified a +0 plate armour
 25397 | Orc:1    | Identified a +0 trident
 25397 | Orc:1    | Identified a +0 chain mail
 25403 | Orc:1    | Identified a +2 flail of protection
 25403 | Orc:1    | Identified a +0 leather armour
 25404 | Orc:1    | Identified a +0 scimitar
 25404 | Orc:1    | Identified a cursed +0 plate armour
 25408 | Orc:1    | Identified a +0 war axe
 25408 | Orc:1    | Identified a +0 chain mail
 25410 | Orc:1    | Identified a +0 club
 25418 | Orc:1    | Identified a +0 dagger
 25418 | Orc:1    | Identified a +0 robe
 25418 | Orc:1    | Identified a +0 dagger
 25418 | Orc:1    | Identified a +0 leather armour
 25420 | Orc:1    | Identified a +0 short sword
 25427 | Orc:1    | HP: 28/152 [orc warrior/+0 scimitar[an orc knight] (16)]
 25430 | Orc:1    | Identified a +0 scale mail
 25430 | Orc:1    | Identified a +0 short sword
 25430 | Orc:1    | Identified a +0 leather armour
 25432 | Orc:1    | Identified a +0 hand axe
 25432 | Orc:1    | Identified a +0 plate armour
 25441 | Orc:1    | Identified a +1 mace of protection
 25441 | Orc:1    | Identified a +0 chain mail
 25441 | Orc:1    | Identified a +0 leather armour
 25447 | Orc:1    | Identified a +0 dire flail
 25447 | Orc:1    | Identified a +0 chain mail
 25458 | Orc:1    | Identified a +0 hand axe
 25458 | Orc:1    | Identified a +0 plate armour
 25475 | Orc:1    | Received a gift from Okawaru
 25475 | Orc:1    | Reached skill level 17 in Unarmed Combat
 25477 | Orc:1    | Identified a +0 battleaxe
 25477 | Orc:1    | Identified a +0 plate armour
 25489 | Orc:1    | Identified a +0 dagger
 25489 | Orc:1    | Identified a +0 robe
 25494 | Orc:1    | Identified a +0 giant club
 25511 | Orc:1    | Identified a +1 hat (Okawaru gifted it to you on level 1 of
                  | the Orcish Mines)
 25569 | Orc:1    | Identified a +2 hat
 25569 | Orc:1    | Noticed Gastronok
 25578 | Orc:1    | Killed Gastronok
 25678 | Orc:1    | Identified a +0 club
 25678 | Orc:1    | Identified a +0 leather armour
 25678 | Orc:1    | Identified a +0 dagger
 25681 | Orc:1    | Identified a +0 halberd
 25681 | Orc:1    | Identified a +0 chain mail
 25682 | Orc:1    | Identified a +1 flail of holy wrath
 25682 | Orc:1    | Identified a +0 leather armour
 25682 | Orc:1    | Identified a cursed +0 hand axe
 25682 | Orc:1    | Identified a +0 leather armour
 25684 | Orc:1    | Identified a +0 hand axe
 25685 | Orc:1    | Identified a +0 club
 25755 | Orc:1    | Found Coynom's Gadget Emporium.
 25907 | Orc:2    | Entered Level 2 of the Orcish Mines
 25911 | Orc:2    | Found Idodwiekadd's Antique Weapon Shop.
 25929 | Orc:2    | Reached skill level 7 in Shields
 25982 | Orc:2    | Identified a +0 dire flail
 25982 | Orc:2    | Identified a +0 dire flail
 25992 | Orc:2    | Identified a +2 battleaxe of freezing
 25992 | Orc:2    | Identified a +0 plate armour
 25994 | Orc:2    | Identified a +0 scimitar
 25994 | Orc:2    | Identified a +0 plate armour
 25995 | Orc:2    | Identified a +0 giant club
 26057 | Orc:2    | Identified a +0 club
 26062 | Orc:2    | Identified a +0 halberd
 26064 | Orc:2    | Identified a +0 spear
 26075 | Orc:2    | Identified a +0 spear
 26084 | Orc:2    | Identified a +0 club
 26131 | Orc:2    | Identified a +0 dagger
 26131 | Orc:2    | Identified a +0 robe of magic resistance
 26146 | Orc:2    | Reached skill level 11 in Fighting
 26151 | Orc:2    | Found Yfaotippe's General Store.
 26151 | Orc:2    | Identified a +0 great mace
 26151 | Orc:2    | Identified a +0 dire flail
 26155 | Orc:2    | Identified a +0 mace of crushing
 26155 | Orc:2    | Identified a +0 leather armour
 26156 | Orc:2    | Identified a +0 mace
 26158 | Orc:2    | Identified a +0 dagger
 26160 | Orc:2    | Identified a +0 dagger
 26160 | Orc:2    | Identified a cursed +0 robe
 26168 | Orc:2    | Identified a +0 great mace
 26168 | Orc:2    | Identified a +0 chain mail
 26170 | Orc:2    | Identified a cursed +0 dagger
 26170 | Orc:2    | Identified a +0 robe
 26199 | Orc:2    | Identified a +0 great mace
 26199 | Orc:2    | Identified a +0 dire flail
 26227 | Orc:2    | Identified a +0 hand axe
 26227 | Orc:2    | Identified a +0 hand axe
 26227 | Orc:2    | Identified a +0 chain mail
 26229 | Orc:2    | Identified a +0 flail
 26308 | Orc:2    | Identified a +0 mace
 26308 | Orc:2    | Identified a +0 arbalest
 26325 | Orc:2    | Identified a +0 mace
 26336 | Orc:2    | Identified a +0 dagger
 26336 | Orc:2    | Identified a +0 robe
 26354 | Orc:2    | Found a roughly hewn altar of Beogh.
 26361 | Orc:2    | Identified a +0 long sword
 26361 | Orc:2    | Identified a +0 chain mail
 26469 | Orc:2    | Identified a +0 trident
 26564 | Orc:2    | Identified a +0 spear
 26570 | Orc:2    | Identified a +0 spear
 26570 | Orc:2    | Identified a +0 halberd
 26598 | Orc:2    | Found Errakhla's Antique Armour Emporium.
 26668 | Orc:2    | Found Unuma's Weapon Boutique.
 26761 | Orc:2    | Identified a +0 hand axe
 26761 | Orc:2    | Identified a +0 plate armour
 26762 | Orc:2    | Identified a +0 hand axe
 26762 | Orc:2    | Identified a +0 leather armour
 26762 | Orc:2    | Identified a +0 chain mail
 26766 | Orc:2    | Identified a +0 spear
 26766 | Orc:2    | Identified a +0 arbalest
 26770 | Orc:2    | Identified a +0 dagger
 26770 | Orc:2    | Identified a +0 robe
 26788 | Orc:2    | Identified a +0 mace
 26808 | Orc:2    | Identified a +0 scimitar
 26808 | Orc:2    | Identified a +0 chain mail
 26889 | Orc:2    | HP: 38/153 [stone giant (18)]
 27013 | Orc:2    | Found Godiap's Jewellery Shop.
 27136 | Orc:2    | Found a staircase to the Elven Halls.
 27145 | Orc:2    | Identified a +0 giant spiked club
 27157 | Orc:2    | Found a runed translucent gate.
 27159 | Orc:2    | Found a runed translucent gate.
 27161 | Orc:2    | Found a runed translucent gate.
 27164 | Orc:2    | Identified a +0 dagger
 27164 | Orc:2    | Identified a +0 robe
 27167 | Orc:2    | Identified a +4 glaive of flaming
 27167 | Orc:2    | Identified a +0 plate armour
 27167 | Orc:2    | Identified a +0 dagger
 27167 | Orc:2    | Identified a +0 robe
 27170 | Orc:2    | Identified a +0 club
 27170 | Orc:2    | Identified a +0 leather armour
 27173 | Orc:2    | Identified a +2 antimagic mace
 27206 | Orc:2    | Noticed RexLacerta's ghost (journeyman GnWn)
 27354 | Orc:2    | Identified a +0 halberd
 27354 | Orc:2    | Identified a +0 chain mail
 27488 | Orc:2    | Killed RexLacerta's ghost
 27576 | Orc:2    | Identified a potion of invisibility
 27587 | Orc:2    | Identified a scarf of resistance (You found it on level 2
                  | of the Orcish Mines)
 27594 | Orc:2    | Upgraded the game from 0.24-a0-446-g87df7205b4 to
                  | 0.24-a0-447-ge8da9206dc
 27622 | Orc:2    | Bought an uncursed ring of see invisible for 180 gold
                  | pieces
 27622 | Orc:2    | Bought an uncursed ring of poison resistance for 240 gold
                  | pieces
 27793 | D:15     | Identified a +0 flail
 27794 | D:15     | Identified a +0 giant club
 27794 | D:15     | Identified a +0 giant club
 27810 | D:15     | Identified a +2 vampiric long sword
 27884 | D:15     | Found a portal to a secret trove of treasure.
 27885 | D:15     | Identified a ring of slaying (You found it on level 15 of
                  | the Dungeon)
 27891 | D:15     | Identified a +0 shortbow
 27951 | D:15     | Identified a +3 scimitar
 27978 | D:15     | Identified a +0 dagger
 27978 | D:15     | Identified a +0 robe
 27990 | D:15     | Identified a +0 battleaxe
 27990 | D:15     | Identified a +0 scale mail
 28030 | D:15     | Received a gift from Okawaru
 28059 | D:15     | Identified a +0 dire flail
 28063 | D:15     | Identified a +0 dagger
 28063 | D:15     | Identified a +0 robe
 28072 | D:15     | Identified a +3 mace
 28190 | D:15     | Reached skill level 12 in Throwing
 28282 | D:15     | Found a white marble altar of Elyvilon.
 28293 | D:15     | Identified a +0 dagger of electrocution
 28293 | D:15     | Identified a +0 chain mail
 28702 | Orc:2    | Bought a shiny shield for 232 gold pieces
 28712 | Orc:2    | Identified a +1 shield of positive energy (You bought it in
                  | a shop on level 2 of the Orcish Mines)
 28715 | Orc:2    | Identified a ring of positive energy (You found it on level
                  | 15 of the Dungeon)
 28822 | Snake:1  | Entered Level 1 of the Snake Pit
 28822 | Snake:1  | Noticed Aizul
 28822 | Snake:1  | Identified a +0 hand axe
 28837 | Lair:2   | Killed Aizul
 29038 | Snake:1  | Identified a +0 flail
 29038 | Snake:1  | Identified a +0 robe
 29043 | Snake:1  | Reached XP level 16. HP: 143/163 MP: 21/21
 29112 | Snake:1  | Identified a cursed -3 dire flail
 29134 | Snake:1  | Identified a +0 trident
 29134 | Snake:1  | Identified a -1 shortbow
 29137 | Snake:1  | Identified a +0 shortbow of flaming
 29141 | Snake:1  | Identified a +0 battleaxe
 29142 | Snake:1  | Reached skill level 8 in Shields
 29433 | Snake:1  | Identified a +0 mace
 29607 | Snake:2  | Reached skill level 18 in Unarmed Combat
 29614 | Snake:2  | Identified a +0 scimitar of holy wrath
 29614 | Snake:2  | Identified a +0 robe
 29678 | Snake:2  | Identified a cursed +0 dire flail
 29678 | Snake:2  | Identified a +0 robe
 29680 | Snake:2  | Identified a +0 mace
 29680 | Snake:2  | Identified a +0 war axe
 29680 | Snake:2  | Identified a +0 trident
 29680 | Snake:2  | Identified a cursed +0 robe
 29680 | Snake:2  | Identified a +0 scimitar
 29680 | Snake:2  | Identified a +0 robe
 29685 | Snake:2  | Identified a +0 war axe
 29685 | Snake:2  | Identified a +0 shield
 29686 | Snake:2  | Identified a +0 scimitar
 29686 | Snake:2  | Identified a +0 robe
 29686 | Snake:2  | Identified a +0 large shield
 29689 | Snake:2  | Received a gift from Okawaru
 29706 | Snake:2  | Identified a +0 battleaxe
 29706 | Snake:2  | Identified a +0 shortbow of velocity
 29711 | Snake:2  | Identified a +0 vampiric battleaxe
 29711 | Snake:2  | Identified a +0 arbalest
 29717 | Snake:2  | Identified a +4 short sword of electrocution
 29717 | Snake:2  | Identified a +0 arbalest
 29717 | Snake:2  | Identified a +2 naga barding of stealth
 29717 | Snake:2  | Noticed Vashnia
 29859 | Snake:2  | Identified a +0 hand axe
 29859 | Snake:2  | Identified a +0 shortbow
 29859 | Snake:2  | Identified a +0 robe
 29863 | Snake:2  | Identified a +0 mace
 29870 | Snake:2  | Received a gift from Okawaru
 29898 | Snake:2  | Killed Vashnia
 29931 | Snake:2  | Identified a +4 scimitar of venom
 29931 | Snake:2  | Identified a +0 robe
 30047 | Snake:2  | Identified a +0 trident
 30047 | Snake:2  | Identified a +0 shield
 30092 | Snake:2  | Identified a +0 long sword
 30092 | Snake:2  | Identified a +0 shortbow
 30092 | Snake:2  | Identified a +0 robe
 30092 | Snake:2  | Identified a +0 battleaxe
 30099 | Snake:2  | Identified a +0 spear
 30099 | Snake:2  | Identified a +0 robe
 30112 | Snake:2  | Identified a +0 halberd of freezing
 30132 | Snake:2  | Identified a +0 short sword
 30135 | Snake:2  | Identified a +0 scimitar
 30135 | Snake:2  | Identified a +0 robe
 30263 | Snake:2  | Found Pestrifo's Distillery.
 30285 | Snake:2  | Identified Roxanne's Guide on Moulding
 30285 | Snake:2  | Noticed Roxanne
 30295 | Snake:2  | Identified a +0 flail
 30295 | Snake:2  | Identified a +0 robe
 30308 | Snake:2  | Killed Roxanne
 30489 | Snake:2  | Identified a +4 rapier of electrocution
 30489 | Snake:2  | Identified a +0 cloak
 30489 | Snake:2  | Identified a +0 pair of gloves
 30489 | Snake:2  | Noticed Nikola
 30506 | Snake:2  | HP: 20/165 [Nikola/chain lightning (37)]
 30506 | Snake:2  | HP: 2/165 [Nikola/chain lightning (18)]
 30506 | Snake:2  | Killed from afar by Nikola

Table legend:
 A = Turns spent in this place as a percentage of turns spent in the entire game.
 B = Non-inter-level travel turns spent in this place as a percentage of non-inter-level travel turns spent in the entire game.
 C = Inter-level travel turns spent in this place as a percentage of turns spent in this place.
 D = Turns resting spent in this place as a percentage of non-inter-level travel turns spent in this place.
 E = Turns spent auto-exploring this place as a percentage of non-inter-level travel turns spent in this place.
 F = Non-inter-level travel turns spent in this place divided by the number of levels of this place that you've seen.
                   A       B       C       D       E      F
               +-------+-------+-------+-------+-------+----------------------
         Total | 100.0 | 100.0 |   4.6 |  17.1 |  54.5 | 1039.8
       Dungeon |  56.0 |  55.5 |   5.4 |  17.2 |  54.9 | 1076.7
        Temple |   1.0 |   1.0 |   6.3 |   0.0 |  70.6 | 282.0
          Lair |  25.9 |  26.3 |   2.9 |  15.3 |  58.8 | 1277.5
     Snake Pit |   5.3 |   5.4 |   2.7 |  24.1 |  48.0 | 781.5
  Orcish Mines |   7.8 |   7.6 |   7.2 |  18.9 |  49.3 | 1107.5
        Bailey |   2.2 |   2.3 |   0.0 |  14.3 |  52.9 | 677.0
      Ice Cave |   1.8 |   1.9 |   0.0 |  25.2 |  14.1 | 560.0
               +-------+-------+-------+-------+-------+----------------------

Table legend:
 A = Kills in this place as a percentage of kills in entire the game.
 B = Kills by you in this place as a percentage of kills by you in the entire game.
 C = Kills by friends in this place as a percentage of kills by friends in the entire game.
 D = Other kills in this place as a percentage of other kills in the entire game.
 E = Experience gained in this place as a percentage of experience gained in the entire game.
 F = Experience gained in this place divided by the number of levels of this place that you have seen.
                   A       B       C       D       E      F
               +-------+-------+-------+-------+-------+----------------------
         Total | 100.0 | 100.0 |   N/A |   N/A | 100.0 | 6585.5
       Dungeon |  49.8 |  49.8 |   N/A |   N/A |  31.1 | 3822.3
          Lair |  25.0 |  25.0 |   N/A |   N/A |  34.0 | 10459.3
     Snake Pit |   5.6 |   5.6 |   N/A |   N/A |  17.6 | 16224.5
  Orcish Mines |  11.9 |  11.9 |   N/A |   N/A |  12.4 | 11426.0
        Bailey |   4.6 |   4.6 |   N/A |   N/A |   2.2 | 3993.0
      Ice Cave |   3.1 |   3.1 |   N/A |   N/A |   2.7 | 5011.0
               +-------+-------+-------+-------+-------+----------------------

Skill      XL: |  1  2  3  4  5  6  7  8  9 10 11 12 13 14 15 16 |
---------------+-------------------------------------------------+-----
Throwing       | 1 2 3 4 5 6 7 8 9 10 11 12 | 12.5
Unarmed Combat | 4 5 6 7 8 10 12 13 14 15 16 17 18 | 18.4
Fighting       | 3 4 5 6 7 8 9 10 11 | 11.8
Invocations    | 1 4 5 7 8 |  8.0
Shields        | 3 5 6 7 8 |  8.6
Dodging        | |  2.4
Stealth        | |  1.0

Action                   |  1- 3 |  4- 6 |  7- 9 | 10-12 | 13-15 | 16-18 || total
-------------------------+-------+-------+-------+-------+-------+-------++-------
Melee: Unarmed           |   111 |   123 |   227 |   514 |  1181 |   144 ||  2300
       Punch             |       |     2 |     6 |    17 |       |       ||    25
Throw: Stone             |       |   122 |   169 |   134 |   542 |       ||   967
       Boomerang         |       |       |    58 |   238 |       |       ||   296
       Dart              |       |       |    10 |    14 |     9 |       ||    33
       Large rock        |       |       |       |    47 |   133 |    63 ||   243
       Javelin           |       |       |       |     1 |    89 |       ||    90
Invok: Heroism           |       |       |       |     7 |    19 |     5 ||    31
       Finesse           |       |       |       |     2 |    11 |     5 ||    18
Evoke: Wand              |       |       |     2 |     9 |       |       ||    11
  Use: Scroll            |       |       |     2 |    24 |    16 |     1 ||    43
       Potion            |       |       |     1 |     1 |       |       ||     2
 Stab: Distracted        |       |       |     1 |       |     1 |       ||     2
       Paralysed         |       |       |       |     3 |       |       ||     3
       Sleeping          |       |       |       |     1 |       |       ||     1
  Eat: Chunk             |    17 |    17 |    38 |    76 |   112 |     1 ||   261
       Ration            |       |       |       |       |     1 |     3 ||     4
Armor: Robe              |    38 |    27 |    43 |    74 |       |       ||   182
       Troll leather arm |       |       |       |    42 |   238 |    36 ||   316
Dodge: Dodged            |    70 |    44 |    91 |   211 |   288 |    49 ||   753
Block: Shield            |       |       |       |    53 |   404 |    94 ||   551

Vanquished Creatures
  Vashnia (Snake:2)
  Rupert (D:13)
  Gastronok (Orc:1)
  2 nagarajas (Snake:2)
  Roxanne (Snake:2)
  A reaper (IceCv)
  The ghost of RexLacerta the Covert, a journeyman GnWn of Cheibriados (Orc:2)
  Aizul (Lair:2)
  A stone giant (Orc:2)
  3 ettins (Orc:2)
  Josephine (Lair:6)
  Fannar (D:12)
  A catoblepas (Lair:5)
  4 naga warriors (Snake:2)
  A merfolk avatar (Lair:6)
  6 hydras
  A spectral stone giant (Orc:2)
  4 centaur warriors
  3 two-headed ogres
  A tengu warrior (D:15)
  6 anacondas
  6 death yaks
  5 naga sharpshooters
  2 orc high priests
  Urug (D:13)
  4 spectral orcs (Orc:2)
  2 skeletal warriors (D:15)
  A flayed ghost (D:15)
  A naga ritualist (Snake:2)
  2 harpies (Lair:6)
  3 mana vipers
  A tengu zombie (D:15)
  11 cyclopes
  2 orc sorcerers
  6 orc knights
  A necromancer (D:15)
  2 deep elf magi (D:15)
  6 ugly things
  A salamander (Snake:1)
  8 manticores
  Maurice (D:8)
  21 elephants (Lair:6)
  A naga mage (Snake:2)
  2 ice statues (IceCv)
  13 black mambas
  3 guardian serpents
  4 gargoyles
  A torpor snail (Lair:6)
  A yaktaur zombie (D:15)
  16 spiny frogs
  4 rime drakes
  13 komodo dragons
  A kobold demonologist (D:15)
  9 ice devils
  A tengu conjurer (D:15)
  A freezing wraith (D:14)
  6 trolls
  A tyrant leech (Lair:4)
  A polar bear (Lair:6)
  3 meliai (D:13)
  Prince Ribbit (D:6)
  A wind drake (Lair:6)
  20 blink frogs
  7 hippogriffs
  9 slime creatures
  A fire dragon zombie (D:15)
  5 wraiths (Lair:6)
  A shadow (D:15)
  A vampire (D:10)
  A spriggan (D:14)
  5 wyverns
  31 yaks
  An ice dragon skeleton (D:15)
  15 humans
  3 basilisks
  A hungry ghost (D:11)
  Menkaure (D:6)
  3 swamp worms (Lair:4)
  14 nagas
  6 wargs
  13 water moccasins
  6 porcupines
  A hornet zombie (D:9)
  29 orc warriors
  5 ice beasts
  An eye of draining (D:11)
  A necrophage (D:6)
  4 sky beasts
  4 phantoms
  14 wolves
  7 ogres
  3 centaurs
  12 crocodiles
  A big kobold (D:14)
  2 gnoll sergeants
  A spectral warg (Orc:2)
  25 bullfrogs
  2 wyvern skeletons
  4 scorpions
  4 wights (D:13)
  A spectral ogre (Orc:2)
  28 killer bees
  A howler monkey (D:9)
  2 electric eels (Lair:3)
  6 crimson imps
  2 bullfrog zombies
  A centaur zombie (D:5)
  2 quasits
  14 orc priests
  6 hounds
  Crazy Yiuf (D:6)
  4 bullfrog skeletons
  11 jellies
  2 centaur skeletons
  4 iguanas
  18 orc wizards
  8 worker ants
  A killer bee zombie (D:5)
  A hound zombie (D:5)
  3 hound skeletons
  4 worker ant zombies
  A howler monkey zombie (D:5)
  21 gnolls
  12 adders
  A howler monkey skeleton (D:10)
  3 shadow imps
  9 white imps (IceCv)
  7 ufetubi (IceCv)
  3 oozes
  2 orc simulacra (Orc:2)
  3 adder skeletons
  2 worms
  3 dart slugs
  7 leopard geckos
  76 orcs
  7 giant cockroaches
  22 goblins
  18 hobgoblins
  12 jackals
  2 quokkas (D:4)
  A ball python (D:3)
  A ball python skeleton (D:5)
  8 bats
  4 frilled lizards
  9 kobolds
  A quokka skeleton (D:4)
  A quokka zombie (D:5)
  9 rats
  2 bushes (Lair:3)
  3 plants
846 creatures vanquished.

Vanquished Creatures (others)
  A human (D:13)
  4 white imps (IceCv)
  2 ufetubi (IceCv)
  2 bushes
  25 fungi
  23 plants
  2 withered plants (D:15)
59 creatures vanquished.

Grand Total: 905 creatures vanquished
